 Dungeon Crawl Stone Soup version 0.20-a0-269-g17f5411 (webtiles) character file.

266 Ryco the Ruffian (level 6, -1/61 HPs)
             Began as a Troll Monk on Dec 8, 2016.
             Was a Believer of Cheibriados.
             Slain by Pikel
             ... wielding a +0 whip of flaming
              (3 damage)
             ... on level 5 of the Dungeon.
             The game lasted 00:10:32 (1113 turns).

Ryco the Ruffian (Troll Monk)                       Turns: 1113, Time: 00:10:33

Health: -1/61      AC:  6    Str: 31    XL:     6   Next: 0%
Magic:  5/5        EV: 12    Int: 10    God:    Cheibriados [**....]
Gold:   71         SH:  0    Dex: 16    Spells: 5/5 levels left

rFire  . . .     SeeInvis .       - Unarmed
rCold  . . .     Gourm    +     a - +0 robe
rNeg   + . .     Faith    .     (no shield)
rPois  .         Spirit   .     (helmet restricted)
rElec  .         Reflect  .     i - +0 cloak
rCorr  .         Harm     .     (gloves unavailable)
MR     .....                    (boots unavailable)
Stlth  ++........               (no amulet)
                                (no ring)
                                f - ring of positive energy

@: mighty, very slow
A: unfitting armour, claws 3, fast metabolism 3, gourmand, regeneration 1,
shaggy fur 1, tough skin 2
a: Bend Time, Renounce Religion


You were on level 5 of the Dungeon.
You worshipped Cheibriados.
Cheibriados was pleased with you.
You were very full.

You visited 2 branches of the dungeon, and saw 6 of its levels.

You collected 101 gold pieces.
You spent 30 gold pieces at shops.

Inventory:

Missiles
 k - 53 stones (quivered)
Armour
 a - a +0 robe (worn)
 i - a +0 cloak (worn)
 p - a +0 large shield
Jewellery
 e - an uncursed ring of ice
 f - a ring of positive energy (left claw)
Wands
 r - a wand of enslavement (13/24)
Scrolls
 c - 3 scrolls of fog
 d - a scroll of recharging
 g - 2 scrolls of remove curse {unknown}
 j - 2 scrolls of teleportation {unknown}
 m - a scroll of blinking {unknown}
Potions
 l - a potion of heal wounds
 q - a potion of flight {unknown}
Comestibles
 b - 6 bread rations
 h - a beef jerky
 n - a slice of pizza


   Skills:
 + Level 3.1 Fighting
 + Level 0.3 Throwing
 * Level 3.8 Dodging
 - Level 1.0 Stealth
 * Level 5.1 Unarmed Combat


You had 5 spell levels left.
You didn't know any spells.

Dungeon Overview and Level Annotations

Branches:
Dungeon (5/15)             Temple (1/1) D:5

Altars:
Ashenzari
Cheibriados
Fedhas
Hepliaklqana
Nemelex Xobeh
Qazlal
Ru
Sif Muna
Uskayaw
Xom
Yredelemnul
Zin
The Shining One

Shops:
D:5 *

Annotations:
D:5 Pikel


Innate Abilities, Weirdness & Mutations

You are too large for most types of armour.
You have claws for hands.
Your metabolism is lightning-fast.
You like to eat raw meat.
Your natural rate of healing is unusually fast.
You are covered in fur. (AC +1)
You have very tough skin. (AC +2)


Message History

You barely miss Pikel.
Pikel is severely wounded.
Pikel hits you with a whip of flaming. Pikel burns you.
You closely miss Pikel.
Pikel is severely wounded.
Pikel hits you with a whip of flaming. Pikel burns you.
* * * LOW HITPOINT WARNING * * *
You closely miss Pikel.
Pikel is severely wounded.
Pikel closely misses you.
You barely miss Pikel.
Pikel is severely wounded.
Pikel hits you with a whip of flaming!
* * * LOW HITPOINT WARNING * * *
Pikel burns you.
* * * LOW HITPOINT WARNING * * *
Pikel hits you with a whip of flaming.
* * * LOW HITPOINT WARNING * * *
Pikel burns you.
You die...

#..# ..# #.#
.. # ..# #.
#.. ...[
##..#.######
.......@Kpp#
##..#.####.#
..$.......#
#..#....pp#
.......#...#
...... #...#
. ... #...#
# #...#
#<..#


You could see Pikel and 2 slaves.

Vanquished Creatures
  A hound (D:4)
  An orc priest (D:4)
  An iguana (D:5)
  3 worker ants (D:4)
  5 adders
  An adder skeleton (D:4)
  2 worms
  A dart slug (D:1)
  A leopard gecko (D:3)
  12 orcs
  5 bats
  4 giant cockroaches
  2 goblins
  2 hobgoblins
  2 jackals (D:1)
  4 kobolds
  A ball python (D:1)
  5 frilled lizards
  2 rats
55 creatures vanquished.

Notes
Turn   | Place    | Note
-------+----------+-------------------------------------------
     0 | D:1      | Ryco the Troll Monk began the quest for the Orb.
     0 | D:1      | Reached XP level 1. HP: 22/22 MP: 0/0
    57 | D:1      | Reached XP level 2. HP: 29/29 MP: 1/1
   203 | D:2      | Reached XP level 3. HP: 36/36 MP: 2/2
   436 | D:3      | Reached XP level 4. HP: 44/44 MP: 3/3
   524 | D:4      | Reached skill level 4 in Unarmed Combat
   591 | D:4      | Reached XP level 5. HP: 53/53 MP: 4/4
   678 | D:5      | Entered Level 5 of the Dungeon
   691 | D:5      | Found Pithreoly's General Store.
   712 | D:5      | Bought a scroll of identify for 30 gold pieces
   776 | D:5      | HP: 2/53 [iguana (14)]
   857 | D:5      | Found a staircase to the Ecumenical Temple.
   866 | Temple   | Entered the Ecumenical Temple
   902 | Temple   | Became a worshipper of Cheibriados the Contemplative
   902 | Temple   | Reached * piety under Cheibriados
   902 | Temple   | Reached ** piety under Cheibriados
   958 | D:4      | Reached skill level 5 in Unarmed Combat
  1004 | D:4      | Reached XP level 6. HP: 58/61 MP: 5/5
  1087 | D:5      | Noticed Pikel
  1087 | D:5      | Noticed a slave
  1087 | D:5      | Noticed a slave
  1087 | D:5      | Noticed a slave
  1087 | D:5      | Noticed a slave
  1113 | D:5      | HP: 2/61 [Pikel/whip of flaming (6)]
  1113 | D:5      | Slain by Pikel

Vault maps used:
D:1:      roderic_crossed_star, nrook_uturn, corexii_leaking_fountain
D:2:      minivault_25, grunt_ministairs_6
D:4:      first_bread
D:5:      serial_shops, nicolae_shop_trees, uniq_pikel
Temple:   compressed_dpeg_circular_temple

Skill      XL: |  1  2  3  4  5 |
---------------+----------------+-----
Dodging        | 3 |  3.8
Unarmed Combat | 4 5 |  5.1
Fighting       | 3 |  3.1
Throwing       | |  0.3
Stealth        | |  1.0

Action                   |  1- 3 |  4- 6 || total
-------------------------+-------+-------++-------
Melee: Unarmed           |    76 |    83 ||   159
       Punch             |     1 |     2 ||     3
Throw: Stone             |       |     7 ||     7
  Use: Scroll            |       |     4 ||     4
       Potion            |       |     1 ||     1
  Eat: Chunk             |     8 |     5 ||    13
Armor: Robe              |    30 |    20 ||    50
Dodge: Dodged            |    48 |    40 ||    88
